 Dungeon Crawl Stone Soup version 0.31.0-11-ge490571c62 (webtiles) character file.

Game seed: 18036975413361314656

1596 thirtiethelement the Insei (level 8, -3/50 HPs)
             Began as an Octopode Shapeshifter on Feb 4, 2024.
             Was an Initiate of Vehumet.
             Shot with an arrow by a centaur (12 damage)
             ... on level 6 of the Dungeon.
             The game lasted 00:18:44 (5486 turns).

thirtiethelement the Insei (Octopode Shapeshifter)  Turns: 5486, Time: 00:18:45

Health: -3/50      AC:  2    Str: 13    XL:     8   Next: 93%
Magic:  13/13      EV: 14    Int: 18    God:    Vehumet [......]
Gold:   263        SH:  0    Dex: 16    Spells: 10/14 levels left

rFire   . .          .
                       - Unarmed
rCold   . . .        (no shield)
rNeg    . . .        h - +1 hat "Put-Me-On" {rElec rPois Dex+2}
rPois   +            u - amulet of magic regeneration
rElec   +            t - +6 ring of intelligence
rCorr   .            r - ring of see invisible
SInv    +            (no ring)
Will    .....        (no ring)
Stlth   ++++         (no ring)
HPRegen 0.28/turn    (no ring)
MPRegen 0.53/turn    (no ring)
                     (no ring)

%: no passive effects
@: no status effects
A: almost no armour, amphibious, 8 rings, camouflage 1, gelatinous body 1,
(nimble swimmer 1), tentacles
a: Renounce Religion


You were on level 6 of the Dungeon.
You worshipped Vehumet.
Vehumet was noncommittal.
You visited 2 branches of the dungeon, and saw 7 of its levels.

You collected 263 gold pieces.

Inventory:

Hand Weapons
 d - a +1 dagger of venom
Missiles
 f - 20 poisoned darts
Armour
 h - the +1 hat "Put-Me-On" (worn) {rElec rPois Dex+2}
   (You acquired it on level 3 of the Dungeon)

   Dex+2:     It affects your dexterity (+2).
   rElec:     It insulates you from electricity.
   rPois:     It protects you from poison
Magical Staves
 o - the staff "Kilaibaz" {*Corrode Dex+2 SInv Conj Hexes}
   (You took it off a kobold on level 4 of the Dungeon)

   [staff of conjuration]

   Base accuracy: +5 Base damage: 5 Base attack delay: 1.2 This weapon's minimum
   attack delay (0.6) is reached at skill level 12.
   Dex+2:     It affects your dexterity (+2).
   SInv:      It lets you see invisible.
   *Corrode:  It may corrode you when you take damage.
   Conj:      It increases the power of your Conjurations spells.
   Hexes:     It increases the power of your Hexes spells.
   It falls into the 'Staves' category.
   It is a one-tentacled weapon.
 p - a staff of earth
Jewellery
 r - a ring of see invisible (right tentacle)
 t - a +6 ring of intelligence (left tentacle)
 u - an amulet of magic regeneration (around mantle)
Talismans
 b - a beast talisman
 c - a flux talisman
 m - a maw talisman
Wands
 v - a wand of charming (11)
 w - a wand of mindburst (23)
 x - a wand of iceblast (6)
Scrolls
 i - a scroll of revelation
 j - a scroll of enchant armour
 n - a scroll of noise
Potions
 a - a potion of lignification
 e - a potion of curing {unknown}
 g - 2 potions of magic
 k - a potion of degeneration {unknown}
 l - 4 potions of attraction
 q - 2 potions of brilliance
 s - a potion of mutation {unknown}


   Skills:
 + Level 2.1 Fighting
 + Level 2.9 Dodging
 + Level 4.6 Stealth
 + Level 6.5 Unarmed Combat
 + Level 3.6 Spellcasting
 + Level 0.3 Conjurations
 + Level 4.2 Earth Magic
 * Level 5.5 Shapeshifting


You had 10 spell levels left.
You knew the following spells:

 Your Spells              Type           Power      Damage    Failure   Level
a - Sandblast             Erth           36%        2d10      2%          1
b - Stone Arrow           Conj/Erth      22%        3d8       19%         3

Your spell library contained the following spells:

 Spells                   Type           Power      Damage    Failure   Level
 Passwall                 Erth           18%        N/A       9%          3
 Apportation              Tloc           6%         N/A       16%         1
 Ensorcelled Hibernation  Hex/Ice        6%         N/A       24%         2
 Jinxbite                 Hex            6%         N/A       24%         2
 Fugue of the Fallen      Necr           3%         N/A       43%         3
 Brom's Barrelling Bould  Conj/Erth      11%        2d3       52%         4
 Anguish                  Hex/Necr       1%         N/A       83%         4
 Alistair's Intoxication  Alch           2%         N/A       99%         5
 Summon Forest            Summ/Tloc      1%         N/A       99%         5
 Summon Mana Viper        Hex/Summ       3%         N/A       99%         5
 Summon Cactus Giant      Summ           1%         N/A       100%        6


Dungeon Overview and Level Annotations

Branches:
Dungeon (6/15)             Temple (1/1) D:4

Altars:
Cheibriados
Dithmenos
Fedhas
Gozag
Hepliaklqana
Kikubaaqudgha
Nemelex Xobeh
Ru
Vehumet
Xom
Yredelemnul
Lugonu


Innate Abilities, Weirdness & Mutations

You cannot wear most types of armour.
You are amphibious.
You can wear up to eight rings at the same time.
Your skin changes colour to match your surroundings (Stealth+).
Your rubbery body absorbs attacks. (AC +1, EV +1)
((You are camouflaged when in or above water. (Stealth+)))
You have tentacles for arms and can constrict up to eight enemies at once.


Message History

You see here a +1 spear of freezing.
You see here a +1 spear of freezing.
There is a stone staircase leading down here.
Found a flail.
Found a shiny helmet.
You see here a +2 helmet.
An ufetubus and an orc priest come into view.
An orc comes into view. It is wielding a +0 morningstar.
An ufetubus comes into view.
The orc priest looks satisfied for a moment.
A centaur comes into view.
The orc priest casts a cantrip, but nothing happens.
Aiming: Stone Arrow (dangerous; 19% risk of failure)
Press: ? - help, Q - select action, (/) - cycle Shift-Dir - straight line, f - ufetubus
Aim: an ufetubus (48% to hit)
The stone arrow misses the ufetubus.
The orc shouts!
The centaur shouts!
The orc priest looks encouraged for a moment.
An orc wizard comes into view. It is wielding a +0 dagger.
You hear a shout! x2; The ufetubus shouts!
The orc priest begins to cast a cantrip, but forgets the words!
The ufetubus misses you. The ufetubus completely misses you.
The ufetubus attacks as it pursues you! The ufetubus hits you. x2
The ufetubus misses you. x2
The ufetubus attacks as it pursues you! The ufetubus hits you.
The ufetubus barely misses you.
The orc priest invokes the aid of Beogh against you.
Beogh smites you! The ufetubus hits you. x2
The orc priest calls down the wrath of Beogh upon you.
Beogh smites you! The ufetubus attacks as it pursues you!
The ufetubus hits you. x2
The ufetubus slips past you! The ufetubus hits you.
* * * LOW HITPOINT WARNING * * *
The ufetubus barely misses you. The ufetubus closely misses you.
The ufetubus hits you.
* * * LOW HITPOINT WARNING * * *
The centaur wields a +0 orcbow.
The centaur shoots an arrow.
The arrow hits you!
You die...

#..#..)......# #...##..#.......
##>##........# #..#..... .....
#..#........# #......# ....#
##.##.......# #.....##...##
##.##.....## #.....#.....#
#..#....## ####..o........
##.....##### #.###..#.......
#..###.....######.....###...o.#
##.##
####.....@#.......#..###..
##.###########..5.c.......... .
#..##....### ###.[#.....#.....
..#.)......# #####...##......
...........# .....#.......
..........## ...........#.
..........# #.......#..##
..........# ....## .........##
#..


You could see a centaur and an ufetubus.

Vanquished Creatures
  Pikel (D:3)
  Grinder (D:4)
  Edmund (D:3)
  2 ogres
  A kobold brigand (D:5)
  A scorpion (D:4)
  2 bombardier beetles (D:4)
  A hound (D:5)
  2 jellies
  2 iguanas
  2 orc wizards
  A sleepcap (D:6)
  4 gnolls (D:3)
  11 adders
  2 adder zombies (D:2)
  6 dart slugs
  12 orcs
  2 bats (D:1)
  A bat skeleton (D:2)
  11 endoplasms
  4 giant cockroaches
  7 goblins
  7 hobgoblins
  3 jackals (D:4)
  5 quokkas
  9 ball pythons
  4 ball python skeletons (D:2)
  11 frilled lizards
  A jackal skeleton (D:2)
  10 kobolds
  4 rats
131 creatures vanquished.

Notes
Turn   | Place    | Note
-------+----------+-------------------------------------------
     0 | D:1      | thirtiethelement the Octopode Shapeshifter began the quest
                  | for the Orb.
     0 | D:1      | Reached XP level 1. HP: 13/13 MP: 1/1
    56 | D:1      | Reached XP level 2. HP: 10/18 MP: 2/2
   639 | D:1      | Reached XP level 3. HP: 18/23 MP: 3/3
  1046 | D:2      | Reached skill level 1 in Stealth
  1402 | D:2      | Reached XP level 4. HP: 28/28 MP: 4/4
  1949 | D:3      | Reached skill level 4 in Unarmed Combat
  1956 | D:3      | Learned a level 1 spell: Sandblast
  2025 | D:3      | Reached XP level 5. HP: 23/33 MP: 3/5
  2717 | D:3      | Identified a scroll of acquirement
  2717 | D:3      | Acquired the +1 hat "Put-Me-On" {rElec rPois Dex+2}
  2749 | D:4      | Reached skill level 1 in Spellcasting
  2755 | D:4      | Reached skill level 1 in Earth Magic
  2755 | D:4      | Reached XP level 6. HP: 12/38 MP: 7/7
  2757 | D:4      | Noticed Pikel
  2993 | D:4      | Noticed Edmund
  3123 | D:3      | Killed Edmund
  3311 | D:3      | Killed Pikel
  3312 | D:3      | Reached skill level 5 in Unarmed Combat
  3312 | D:3      | Reached XP level 7. HP: 5/44 MP: 8/10
  3457 | D:3      | Learned a level 3 spell: Stone Arrow
  3758 | D:4      | Reached XP level 8. HP: 50/50 MP: 8/11
  3763 | D:4      | Noticed Grinder
  3781 | D:4      | Paralysed by Grinder for 2 turns
  3783 | D:4      | Identified the staff "Kilaibaz" {*Corrode Dex+2 SInv Conj
                  | Hexes}
  3784 | D:4      | Killed Grinder
  3785 | D:4      | Reached skill level 5 in Shapeshifting
  4164 | D:4      | Found a staircase to the Ecumenical Temple.
  4173 | Temple   | Entered the Ecumenical Temple
  4193 | Temple   | Became a worshipper of Vehumet
  4337 | D:5      | Entered Level 5 of the Dungeon
  4374 | D:5      | Reached skill level 6 in Unarmed Combat
  4558 | D:5      | Found a hazy altar of Hepliaklqana.
  5254 | D:5      | Found an ancient bone altar of Kikubaaqudgha.
  5486 | D:6      | Shot with an arrow by a centaur

Illustrated notes

Levels and vault maps discovered:
D:1:      co_arrival_square_in_a_square_in_a_square, layout_basic
D:2:      minmay_alternating_diamond, layout_loops_ring, serial_undead,
          serial_undead_b, serial_undead_f, serial_undead_e, serial_undead_a,
          minmay_lizard_pond
D:3:      layout_rooms, guppyfry_early_orc_mine
D:4:      minmay_octagon_keep, layout_cave_pools, lemuel_temple_firewalk_b,
          uniq_grinder, uniq_pikel, uniq_edmund
D:5:      layout_basic, mainiacjoe_overflow_swirl
D:6:      nicolae_cairo_tiling_large_dashed, layout_cave_pods,
          minmay_stone_trees_medium, nicolae_lava_and_water, minmay_circle_x
Temple:   kb_corrupted_temple

Skill      XL: |  1  2  3  4  5  6  7  8 |
---------------+-------------------------+-----
Stealth        | 1 2 3 4 |  4.6
Unarmed Combat | 4 5 6 |  6.5
Spellcasting   | 1 2 3 |  3.6
Earth Magic    | 1 2 4 |  4.2
Shapeshifting  | 4 5 |  5.5
Fighting       | 2 |  2.1
Dodging        | |  2.9
Conjurations   | |  0.3

Action                     |  1- 3 |  4- 6 |  7- 9 || total
---------------------------+-------+-------+-------++-------
  Melee: Unarmed           |    59 |   108 |    65 ||   232
         Constrict         |    11 |    28 |    14 ||    53
         Tentacles         |     8 |    24 |    22 ||    54
         Punch             |     1 |     2 |     2 ||     5
   Cast: Sandblast         |       |    11 |    28 ||    39
         Stone Arrow       |       |       |    20 ||    20
    Use: Scroll            |       |     5 |     7 ||    12
         Potion            |       |     1 |       ||     1
   Stab: Sleeping          |     9 |    10 |     3 ||    22
 Armour: Skin              |    24 |    56 |    30 ||   110
  Dodge: Dodged            |    34 |    50 |    42 ||   126
         Form:             |       |     1 |       ||     1
         Beast             |       |     1 |       ||     1
